 Dungeon Crawl Stone Soup version 0.23-a0-767-gdc19b93d68 (webtiles) character file.

72 Fliddo the Skirmisher (level 4, 0/38 HPs)
             Began as a Human Wanderer on Jan 24, 2019.
             Succumbed to an orc's poison
             ... on level 3 of the Dungeon.
             The game lasted 00:06:17 (1463 turns).

Fliddo the Skirmisher (Human Wanderer)              Turns: 1463, Time: 00:06:17

Health: 0/38       AC:  6    Str: 15    XL:     4   Next: 50%
Magic:  4/4        EV: 10    Int: 11    God:
Gold:   111        SH:  0    Dex: 12    Spells: 3/3 levels left

rFire    . . .     SeeInvis .   a - +2 short sword
rCold    . . .     Gourm    .   (no shield)
rNeg     . . .     Faith    .   c - +0 ring mail
rPois    .         Spirit   .   (no helmet)
rElec    .         Reflect  .   g - +0 cloak
rCorr    .         Harm     .   (no gloves)
MR       .....                  (no boots)
Stlth    +.........             (no amulet)
HPRegen  0.12/turn              (no ring)
MPRegen  0.09/turn              (no ring)

@: lethally poisoned (0 -> -24), flying
A: no striking features
a: no special abilities


You were on level 3 of the Dungeon.
You were not hungry.

You visited 1 branch of the dungeon, and saw 3 of its levels.

You collected 111 gold pieces.

Inventory:

Hand Weapons
 a - a +2 short sword (weapon)
Missiles
 h - 13 stones (quivered)
Armour
 c - a +0 ring mail (worn)
 g - a +0 cloak (worn)
Scrolls
 b - 2 scrolls of teleportation
 e - 2 scrolls of enchant armour {unknown}
 i - 4 scrolls of identify {unknown}
 n - a scroll of fear {unknown}
Potions
 j - a potion of flight
 k - a potion of ambrosia {unknown}
 l - a potion of magic {unknown}
 m - 3 potions of curing {unknown}
 o - a potion of berserk rage {unknown}
Comestibles
 d - 5 rations
 f - 4 chunks of flesh


   Skills:
 + Level 4.9 Fighting
 - Level 1.0 Short Blades
   Level 1.0 Crossbows
 + Level 3.4 Armour
 - Level 1.0 Stealth
   Level 1.0 Evocations


You had 3 spell levels left.
You didn't know any spells.
Your spell library was empty.

Dungeon Overview and Level Annotations

Branches:
Dungeon (3/15)

Altars:
Elyvilon


Message History

You feel very sick.
* * * LOW HITPOINT WARNING * * *
You feel sick.
Items here: ) [ †† a +0 whip of venom; a +0 leather armour; a goblin corpse; an orc corpse You butcher the goblin corpse.
* * * LOW HITPOINT WARNING * * *
You feel sick.
Items here: % ) [ ÷ † a +0 whip of venom; a +0 leather armour; a chunk of flesh; a goblin skeleton an orc corpse You butcher the orc corpse.
* * * LOW HITPOINT WARNING * * *
You feel very sick.
Items here: %% ) [ ÷÷
There is a lethal amount of poison in your body!
It was a potion of flight.
You feel very buoyant.
You fly up into the air.
You die...

#. #.
#.####
#...>#
#....
...
#(#
#@#
#<#
#.#
...
##.#.
#.#.#
#)# .
#.# .#
#.# #


There were no monsters in sight!

Vanquished Creatures
  2 adders (D:2)
  2 dart slugs (D:1)
  A leopard gecko (D:2)
  An orc (D:3)
  2 giant cockroaches
  4 goblins
  4 hobgoblins
  6 jackals (D:2)
  8 kobolds
  A ball python (D:2)
  4 bats (D:1)
  7 frilled lizards
  4 rats (D:1)
46 creatures vanquished.

Notes
Turn   | Place    | Note
-------+----------+-------------------------------------------
     0 | D:1      | Fliddo the Human Wanderer began the quest for the Orb.
     0 | D:1      | Fliddo set off with the following items: a +2 short sword,
                  | a scroll of teleportation, a +0 ring mail, a ration
     0 | D:1      | Reached XP level 1. HP: 19/19 MP: 1/1
    95 | D:1      | Reached XP level 2. HP: 16/25 MP: 2/2
   346 | D:1      | Reached XP level 3. HP: 27/31 MP: 3/3
   755 | D:2      | Found a faded altar of an unknown god.
   850 | D:2      | Reached XP level 4. HP: 27/38 MP: 4/4
  1065 | D:2      | Found a white marble altar of Elyvilon.
  1463 | D:3      | Succumbed to an orc's poison

Vault maps used:
D:1:      scummos_arrival_simple_crosswalls, minmay_strange_pillars
D:2:      minmay_wonky_spiral, chequers_ecumenical_altar_island, first_ration,
          elyvilon_altar_5

Skill      XL: |  1  2  3 |
---------------+----------+-----
Armour         | 3 |  3.4
Fighting       | |  4.9
Short Blades   | |  1.0
Crossbows      | |  1.0
Stealth        | |  1.0
Evocations     | |  1.0

Action                   |  1- 3 |  4- 6 || total
-------------------------+-------+-------++-------
Melee: Short sword       |    84 |    54 ||   138
Throw: Stone             |    62 |     9 ||    71
  Use: Potion            |       |     1 ||     1
  Eat: Chunk             |       |     2 ||     2
Armor: Ring mail         |    33 |    27 ||    60
Dodge: Dodged            |    34 |    32 ||    66

Table legend:
 A = Non-vault XP
 B = Vault XP
 C = Vault XP percentage of total XP
 D = Non-vault monster count
 E = Vault monster count
 F = Vault count percentage of total count
                 A         B        C        D         E       F
            +---------+---------+-------+---------+---------+-------
      Total |     102 |       2 |   1.9 |      45 |       1 |   2.2
            +---------+---------+-------+---------+---------+-------
        D:1 |      36 |       0 |   0.0 |      21 |       0 |   0.0
        D:2 |      58 |       2 |   3.3 |      20 |       1 |   4.8
        D:3 |       8 |       0 |   0.0 |       4 |       0 |   0.0
            +---------+---------+-------+---------+---------+-------
